 Dungeon Crawl Stone Soup version 0.28-a0-691-gad6df49e81 (webtiles) character file.

Game seed: 10437045602525090551

219 rogsnak the Gusty (level 5, 0/39 HPs)
             Began as a Draconian Air Elementalist on Oct 21, 2021.
             Slain by Purgy (6 damage)
             ... in a sewer.
             The game lasted 00:07:58 (3771 turns).

rogsnak the Gusty (Draconian Air Elementalist)      Turns: 3771, Time: 00:07:58

Health: 0/39       AC:  5    Str: 10    XL:     5   Next: 64%
Magic:  5/9        EV: 12    Int: 17    God:
Gold:   140        SH:  0    Dex: 11    Spells: 2/10 levels left

rFire   + . .      SeeInvis .   f - +0 mace
rCold   . . .      Faith    .   (no shield)
rNeg    . . .      Spirit   .   (armour unavailable)
rPois   .          Reflect  .   (helmet restricted)
rElec   .          Harm     .   (no cloak)
rCorr   .          Rampage  .   (no gloves)
Will    .....                   (no boots)
Stlth   ++........              (no amulet)
HPRegen 0.13/turn               k - ring of protection from fire
MPRegen 0.11/turn               (no ring)

@: no status effects
A: AC +5, unfitting armour, cold-blooded
a: no special abilities


You were in a sewer.
You visited 1 branch of the dungeon, and saw 3 of its levels.
You also visited: Sewer.

You collected 140 gold pieces.

Inventory:

Hand Weapons
 e - a +0 dagger
 f - a +0 mace (weapon)
Missiles
 b - 25 arrows
 c - 100 stones
 d - 15 poisoned darts
Armour
 o - a +2 hat
Jewellery
 k - a ring of protection from fire (left hand)
Scrolls
 a - 4 scrolls of teleportation {unknown}
 j - a scroll of identify {unknown}
 m - a scroll of fog {unknown}
Potions
 l - a potion of curing


   Skills:
 + Level 0.5 Fighting
 + Level 2.2 Dodging
 - Level 2.0 Stealth
 + Level 3.1 Spellcasting
 * Level 3.3 Conjurations
 + Level 4.2 Air Magic


You had 2 spell levels left.
You knew the following spells:

 Your Spells              Type           Power      Damage    Failure   Level
a - Shock                 Conj/Air       60%        1d6       3%          1
b - Swiftness             Air            17%        N/A       9%          3
c - Airstrike             Air            8%         N/A       30%         4

Your spell library contained the following spells:

 Spells                   Type           Power      Damage    Failure   Level
 Static Discharge         Conj/Air       15%        N/A       5%          2


Dungeon Overview and Level Annotations

Branches:
Dungeon (3/15)              Sewer (1/1)

Altars:
Cheibriados
Zin

Shops:
D:3 =!*

Annotations:
Sewer Purgy


Innate Abilities, Weirdness & Mutations

Your plain brown scales are hard. (AC +5)
You cannot fit into any form of body armour.
You are cold-blooded and may be slowed by cold attacks.


Message History

Your endoplasm hits the ball python.
Unknown command.
Unknown command.
Your adder closely misses Purgy.
Purgy closely misses your adder. Purgy completely misses your adder.
Purgy closely misses your adder. The ball python bites your endoplasm.
Your endoplasm dies!
Your endoplasm dissolves into shadows!
Your adder barely misses Purgy.
Unknown command.
Purgy misses your adder. x3; Your adder bites Purgy.
Purgy is poisoned.
Your adder poisons Purgy!
You hit the ball python.
You kill the ball python!
Purgy bites your adder. Purgy misses your adder.
Purgy completely misses your adder.
Your adder bites Purgy.
Purgy barely misses your adder. Purgy completely misses your adder.
Purgy closely misses your adder.
Your adder barely misses Purgy.
Unknown command.
Your adder closely misses Purgy.
Purgy closely misses your adder. x2
Purgy completely misses your adder.
There is an empty arch of ancient stone here.
Things that are here:
a ball python corpse; a frilled lizard skeleton Unknown command.
Your adder bites Purgy.
Purgy barely misses your adder. Purgy claws your adder.
Purgy barely misses your adder.
Your adder barely misses Purgy.
Purgy bites your adder!
Your adder dies!
Your adder's corpse dissolves into shadows!
You enter the shallow water.
Moving in this stuff is going to be slow.
Purgy hisses menacingly.
Purgy looks more healthy.
A frilled lizard comes into view.
The frilled lizard hisses angrily.
You hit Purgy.
Purgy is lightly wounded.
Purgy bites you.
You die...

#.. ####.≈ ≈ #...≈≈ ≈≈
##≈≈≈≈≈ ≈≈≈ ### ##§.≈≈≈≈
≈≈≈≈ ##.###≈≈≈≈≈≈≈
≈≈≈≈≈## ##†∩.##≈≈≈≈≈≈≈
≈≈l≈≈≈.####≈≈≈..≈≈≈≈≈≈≈≈
≈≈≈≈≈≈≈@#≈T≈≈≈≈≈≈≈≈≈≈≈≈≈
≈≈≈≈≈≈≈≈T≈≈≈≈≈≈≈≈≈≈≈≈≈≈≈
≈≈≈≈≈≈≈≈≈≈≈≈≈≈≈≈≈≈≈≈≈≈≈≈
≈≈≈≈≈≈≈≈≈≈≈≈≈≈≈≈≈≈≈≈≈≈≈≈
#≈≈≈≈≈≈≈≈≈≈≈≈≈≈≈≈≈≈≈≈≈≈≈
##≈≈≈≈≈≈≈≈≈≈≈≈≈≈≈≈≈≈≈≈≈≈
###≈#≈≈##≈≈≈≈≈≈#≈≈≈≈###
####≈###≈≈≈######## ##
####


You could see Purgy and a frilled lizard.

Vanquished Creatures
  A scorpion (D:3)
  A hound (D:2)
  Jessica (D:3)
  An adder (D:3)
  2 river rats (D:3)
  2 worms (D:3)
  3 dart slugs
  3 endoplasms
  A giant cockroach (D:1)
  8 hobgoblins
  6 jackals
  3 quokkas
  7 ball pythons
  7 bats
  10 frilled lizards
  5 goblins
  4 kobolds
  3 rats
68 creatures vanquished.

Notes
Turn   | Place    | Note
-------+----------+-------------------------------------------
     0 | D:1      | rogsnak the Draconian Air Elementalist began the quest for
                  | the Orb.
     0 | D:1      | Reached XP level 1. HP: 14/14 MP: 3/3
   257 | D:1      | Reached XP level 2. HP: 20/20 MP: 0/5
  1564 | D:2      | Reached XP level 3. HP: 26/26 MP: 0/6
  2220 | D:2      | Reached XP level 4. HP: 22/33 MP: 2/7
  2464 | D:2      | Found a faded altar of an unknown god.
  2998 | D:3      | Found a snail-covered altar of Cheibriados.
  2999 | D:3      | Found Pemiajij's General Store.
  3082 | D:3      | Noticed a scorpion
  3092 | D:3      | Killed a scorpion
  3093 | D:3      | Reached skill level 4 in Air Magic
  3093 | D:3      | Reached XP level 5. HP: 37/38 MP: 4/9
  3112 | D:3      | Found Buompo's Distillery.
  3274 | D:3      | Noticed Jessica
  3275 | D:3      | Found a glowing silver altar of Zin.
  3290 | D:3      | Killed Jessica
  3304 | D:3      | Found Faes's Jewellery Emporium.
  3454 | D:3      | Found a glowing drain.
  3461 | Sewer    | Entered a sewer
  3723 | Sewer    | Learned a level 3 spell: Swiftness
  3728 | Sewer    | Learned a level 4 spell: Airstrike
  3729 | Sewer    | Noticed Purgy
  3771 | Sewer    | Slain by Purgy

Illustrated notes

Levels and vault maps discovered:
D:1:      denvon_arrival_waterhouse, layout_basic
D:2:      mumra_celtic_spiral_tile, layout_loops_cross,
          shapermc_ecumenical_altar_notcrosses, ebering_dispersal_statue_hall,
          serial_park_tiny_1
D:3:      layout_basic, zin_academy, mainiacjoe_overflow_chevrons, serial_shops,
          shop, shop, shop_statue, gup_sewer_entry_bubbles, uniq_jessica
Sewer:    sewer_co_purgy_island

Skill      XL: |  1  2  3  4  5 |
---------------+----------------+-----
Conjurations   | 2 3 |  3.3
Stealth        | 2 |  2.0
Dodging        | 2 |  2.2
Air Magic      | 4 |  4.2
Spellcasting   | 3 |  3.1
Fighting       | |  0.5

Action                   |  1- 3 |  4- 6 || total
-------------------------+-------+-------++-------
Melee: Unarmed           |    27 |       ||    27
       Tailslap          |     4 |     4 ||     8
       Dagger            |     1 |       ||     1
       Mace              |    15 |    69 ||    84
 Cast: Shock             |    68 |    61 ||   129
  Use: Scroll            |       |     3 ||     3
       Potion            |       |     2 ||     2
Armor: Skin              |    20 |    54 ||    74
Dodge: Dodged            |    34 |    82 ||   116

Table legend: (Time is in decaauts)
 A = Elapsed time spent in this place.
 B = Non-inter-level travel time spent in this place.
 C = Inter-level travel time spent in this place.
 D = Time resting spent in this place.
 E = Time spent auto-exploring this place.
 F = Levels seen in this place.
 G = Mean time per level.
                   A        B        C        D        E       F      G
               +--------+--------+--------+--------+--------+-----+--------+
         Total |   3823 |   3751 |     72 |    721 |   2049 |   4 |  955.8 |
       Dungeon |   3497 |   3425 |     72 |    513 |   2049 |   3 | 1165.7 |
         Sewer |    325 |    325 |      0 |    208 |      0 |   1 |  325.0 |
               +--------+--------+--------+--------+--------+-----+--------+

Top non-repeatable levels by time:
     D:1: 1530 daAuts
     D:2: 1369 daAuts
     D:3: 597 daAuts
   Sewer: 325 daAuts
